 Dungeon Crawl Stone Soup version 0.16-b1 (webtiles) character file.

632 kae the Archer (level 7, -6/55 HPs)
             Began as a Centaur Hunter on Mar 7, 2015.
             Was a Follower of Okawaru.
             Mangled by an ogre
             ... wielding a +0 giant spiked club
              (18 damage)
             ... on level 5 of the Dungeon on Mar 8, 2015.
             The game lasted 00:06:52 (5427 turns).

kae the Archer (Centaur Hunter)                     Turns: 5427, Time: 00:06:52

Health: -6/55      AC:  6    Str: 15    XL:     7   Next: 24%
Magic:  5/5        EV:  9    Int: 10    God:    Okawaru [*.....]
Gold:   53         SH:  0    Dex: 11    Spells: 0 memorised, 6 levels left

rFire  . . .     SeeInvis .     a - +2 Sword of Power
rCold  . . .     Clarity  +     d - +0 leather armour
rNeg   . . .     SustAb   .     (no shield)
rPois  .         Gourm    .     (no helmet)
rElec  .         Spirit   .     (no cloak)
rCorr  .         Warding  .     h - +1 pair of gloves
rMut   .         Stasis   .     (no barding)
MR     .....                    p - amulet of clarity
Stlth  +.........               (no ring)
                                (no ring)

@: very quick, not resistant to hostile enchantments, very unstealthy
A: hooves 3, deformed body, speed 2, tough skin 3
a: Heroism, Renounce Religion


You were on level 5 of the Dungeon.
You worshipped Okawaru.
Okawaru was aware of your devotion.
You were not hungry.

You visited 1 branch of the dungeon, and saw 5 of its levels.

You collected 179 gold pieces.
You spent 126 gold pieces at shops.

Inventory:

Hand weapons
 a - the +2 Sword of Power (weapon)
   (You acquired it on level 5 of the Dungeon)
 b - a +1 shortbow
 e - a +0 short sword
Missiles
 c - 61 arrows
Armour
 d - a +0 leather armour (worn)
 h - a +1 pair of gloves (worn)
Jewellery
 p - an amulet of clarity (around neck)
Scrolls
 i - 3 scrolls of identify
 k - 2 scrolls of magic mapping
 n - 3 scrolls of teleportation
 o - a scroll of enchant weapon {unknown}
 v - a scroll of remove curse
Potions
 l - a potion of might {unknown}
 m - 2 potions of invisibility {unknown}
 r - a potion of poison {unknown}
 s - a potion of curing
 u - a potion of agility
Comestibles
 f - 6 bread rations
 g - 2 meat rations
 j - 3 fruits
 q - a royal jelly
 t - 3 chunks of flesh


   Skills:
 - Level 2.0 Fighting
 + Level 11.4 Bows
 - Level 1.3 Dodging
 - Level 0.5 Stealth


You had 6 spell levels left.
You didn't know any spells.

Dungeon Overview and Level Annotations

Branches:
Dungeon (5/15)
 Temple: D:4-7

Altars:
Cheibriados
Dithmenos
Elyvilon
Okawaru

Shops:
D:5 ?


Innate Abilities, Weirdness & Mutations

You have hooves in place of feet.
Armour fits poorly on your strangely shaped body.
You cover ground very quickly.
You have extremely tough skin (AC +3).


Message History

The ogre hits you but does no damage. The orc wizard hits you with a dagger.
The orc closely misses you.
An orc priest comes into view. It is wielding a hand axe.
You hit the orc wizard. Your kick misses the orc wizard.
The orc wizard is moderately wounded.
The orc wizard hits you with a dagger.
The ogre hits you with a giant spiked club!
The orc barely misses you.
The orc wizard hits you but does no damage.
You closely miss the orc wizard.
The orc wizard is moderately wounded.
The ogre barely misses you. The orc hits you but does no damage.
The orc wizard barely misses you.
The orc priest invokes the aid of Beogh against you.
Something smites you! The orc closely misses you.
The orc wizard casts a spell at you. The magic dart hits you!
* * * LOW HITPOINT WARNING * * *
The ogre hits you with a giant spiked club!!
You die...

#.....#
##....#
#.....#
#.#.###
#.#.# #.#.#
#.#.####
#.#....#
..#.@o.#
#.....Ooo.#
.......#.##
..........
.......#.##
.....#..#
.... ...
... .. .


You could see an ogre, an orc priest, an orc wizard and an orc.

Vanquished Creatures
  The ghost of grisnicke the Chopper, an average HuWn of Kikubaaqudgha (D:3)
  An ogre (D:5)
  Sigmund (D:3)
  An iguana (D:5)
  2 orc wizards (D:5)
  4 worker ants
  7 adders
  A giant mite (D:4)
  4 worms
  4 giant geckos
  3 oozes
  8 orcs
  A ball python (D:5)
  5 giant cockroaches
  5 hobgoblins
  10 kobolds
  2 bats
  2 giant newts (D:1)
  6 goblins
  6 jackals (D:4)
  2 quokkas
  6 rats
82 creatures vanquished.

Vanquished Creatures (others)
  A giant newt (D:2)
1 creature vanquished.

Grand Total: 83 creatures vanquished

Notes
Turn   | Place    | Note
--------------------------------------------------------------
     0 | D:1      | kae, the Centaur Hunter, began the quest for the Orb.
     0 | D:1      | Reached XP level 1. HP: 17/17 MP: 1/1
     0 | D:1      | Noticed a centaur zombie
     0 | D:1      | Noticed a merfolk zombie
     6 | D:1      | Noticed a human zombie
     7 | D:1      | Noticed a spriggan zombie
     8 | D:1      | Noticed a minotaur zombie
    10 | D:1      | Noticed a draconian zombie
    10 | D:1      | Noticed a minotaur zombie
    12 | D:1      | Noticed a minotaur zombie
    13 | D:1      | Noticed a draconian zombie
    14 | D:1      | Noticed a minotaur zombie
    16 | D:1      | Noticed a human zombie
    18 | D:1      | Noticed a draconian zombie
    19 | D:1      | Noticed a human zombie
   326 | D:1      | Reached XP level 2. HP: 19/24 MP: 2/2
   515 | D:1      | Reached skill level 6 in Bows
  1098 | D:2      | Found a white marble altar of Elyvilon.
  1300 | D:2      | Reached XP level 3. HP: 21/29 MP: 3/3
  1519 | D:2      | Found an iron altar of Okawaru.
  1658 | D:2      | Became a worshipper of Warmaster Okawaru
  1695 | D:3      | Reached skill level 7 in Bows
  2074 | D:3      | Reached XP level 4. HP: 27/36 MP: 3/3
  2172 | D:3      | Noticed grisnicke's ghost (average HuWn)
  2232 | D:3      | Killed grisnicke's ghost
  2232 | D:3      | Reached skill level 9 in Bows
  2232 | D:3      | Reached XP level 5. HP: 22/41 MP: 4/4
  2649 | D:3      | Noticed Sigmund
  2681 | D:3      | Killed Sigmund
  2681 | D:3      | Acquired Okawaru's first power
  2681 | D:3      | Reached XP level 6. HP: 42/48 MP: 5/5
  3337 | D:4      | Found a snail-covered altar of Cheibriados.
  4290 | D:4      | Found a shadowy altar of Dithmenos.
  4348 | D:4      | Reached skill level 10 in Bows
  4885 | D:5      | Entered Level 5 of the Dungeon
  5084 | D:5      | Found Dosaozxa's Magic Scroll Shop.
  5093 | D:5      | Bought a scroll of magic mapping for 38 gold pieces
  5093 | D:5      | Bought a scroll of remove curse for 33 gold pieces
  5093 | D:5      | Bought a scroll of identify for 22 gold pieces
  5093 | D:5      | Bought a scroll of teleportation for 33 gold pieces
  5097 | D:5      | Identified a scroll of acquirement
  5118 | D:5      | Reached skill level 11 in Bows
  5118 | D:5      | Reached XP level 7. HP: 49/55 MP: 5/5
  5427 | D:5      | Mangled by an ogre

Action                   |  1- 3 |  4- 6 |  7- 9 || total
-------------------------+-------+-------+-------++-------
Melee: Short sword       |   119 |   125 |       ||   244
       Great sword       |       |     2 |    21 ||    23
 Fire: Shortbow          |    34 |   127 |     3 ||   164
  Use: Potion            |       |     3 |       ||     3
       Scroll            |       |     4 |       ||     4
  Eat: Chunk             |     2 |     4 |       ||     6
       Meat ration       |       |     1 |       ||     1
       Beef jerky        |       |     1 |       ||     1
